Map: Ruins of Seras

Players

Burt

  • Race: Terran Terran
  • League: Platinum

Thavg - Winner!

  • Race: Protoss Protoss
  • League: Platinum

VOD

Have the link to the VOD?

Description

Time

  • Played on: Dec. 15, 2015, 10:58 p.m.
  • Length: 3:59
Show
View Real Time Build Order
Export as new Build Order

Burt Terran 

Build Orders: Reaper Expand 

Get SALT Encoding   

  12  0:01  SCV  
  13  0:13  SCV  
  14  0:18  Supply Depot  
  14  0:25  SCV  
  15  0:39  SCV  
  15  0:41  Barracks  
  16  0:47  Refinery  
  16  0:52  SCV  
  17  1:04  SCV  
  18  1:27  Orbital Command  
  18  1:29  Reaper  
  19  1:46  Command Center  
  19  1:53  SCV  
  20  2:00  Refinery  
  20  2:09  Barracks Reactor  
  20  2:13  SCV  
  21  2:25  SCV  
  21  2:28  Factory  
  22  2:37  SCV  
  23  2:57  SCV, Marine x2  
  26  2:59  Engineering Bay  
  26  3:12  Factory Tech Lab, Starport  
  26  3:15  Marine x2  
  26  3:16  SCV  
  26  3:17  Orbital Command  
  28  3:26  Bunker  
  28  3:29  SCV  
  29  3:42  SCV  
Show
View Real Time Build Order
Export as new Build Order

Thavg Protoss - Winner!

Build Orders: Nexus First 

Get SALT Encoding   

  12  0:01  Probe (Chrono Boost)  
  13  0:12  Probe (Chrono Boost)  
  14  0:22  Probe (Chrono Boost), Pylon  
  15  0:40  Probe (Chrono Boost)  
  16  0:56  Nexus  
  16  0:59  Probe (Chrono Boost)  
  17  1:11  Gateway  
  17  1:14  Probe (Chrono Boost)  
  18  1:23  Assimilator  
  18  1:25  Probe (Chrono Boost)  
  19  1:35  Probe (Chrono Boost)  
  19  1:38  Gateway  
  20  1:45  Pylon  
  20  1:47  Probe (Chrono Boost)  
  21  2:01  Probe (Chrono Boost)  
  21  2:05  Cybernetics Core  
  21  2:12  Zealot (Chrono Boost)  
  23  2:16  Assimilator  
  23  2:17  Probe  
  24  2:25  Pylon  
  24  2:32  Probe  
  24  2:33  Probe  
  26  2:43  Probe, Adept (Chrono Boost)  
  30  2:46  Adept (Chrono Boost)  
  30  2:50  Probe  
  32  2:54  Probe (Chrono Boost)  
  33  3:02  Probe (Chrono Boost)  
  34  3:06  Probe (Chrono Boost)  
  34  3:10  Adept  
  38  3:13  Probe (Chrono Boost)  
  38  3:23  Probe x2 (Chrono Boost)  
  38  3:24  Adept  
  42  3:32  Robotics Facility  
  42  3:38  Probe x2 (Chrono Boost)  
Tags
 
Add a new tag
Caveats
  • Supply blocks, unpowered buildings, or Contaminate may cause inaccurate times.
  • Supply counts are checked every 10 seconds.